 Dungeon Crawl Stone Soup version 0.20-a0-1040-gfd09691 (webtiles) character file.

23 M4edhros the Sneak (level 2, -1/18 HPs)
             Began as an Octopode Artificer on Apr 23, 2017.
             Slain by an adder (5 damage)
             ... on level 3 of the Dungeon.
             The game lasted 00:00:51 (528 turns).

M4edhros the Sneak (Octopode Artificer)              Turns: 528, Time: 00:00:51

Health: -1/18      AC:  1    Str: 16    XL:     2   Next: 95%
Magic:  4/4        EV: 13    Int: 13    God:
Gold:   50         SH:  0    Dex: 12    Spells: 1/1 levels left

rFire    + . .     SeeInvis .   a - +0 short sword
rCold    + . .     Gourm    .   (no shield)
rNeg     . . .     Faith    .   (helmet restricted)
rPois    +         Spirit   .   (no amulet)
rElec    +         Reflect  .   (no ring)
rCorr    +         Harm     .   (no ring)
MR       .....                  (no ring)
Stlth    +++.......             (no ring)
Regen    0.1/turn               (no ring)
MPRegen  0.1/turn               (no ring)
                                (no ring)
                                (no ring)

@: mighty, resistant, hasted, very quick
A: almost no armour, stealthy swim, amphibious, 8 rings, constrict 8, camouflage
1, gelatinous body 1
a: no special abilities


You were on level 3 of the Dungeon.
You were not hungry.

You visited 1 branch of the dungeon, and saw 3 of its levels.

You collected 50 gold pieces.

Inventory:

Hand Weapons
 a - a +0 short sword (weapon)
Wands
 b - a wand of flame (15/48)
 c - a wand of enslavement (15/24)
 d - a wand of random effects (15/48)
Scrolls
 g - a scroll of remove curse {unknown}
 j - a scroll of identify {unknown}
 k - a scroll of fear {unknown}
 l - a scroll of amnesia {unknown}
Comestibles
 f - a bread ration


   Skills:
 - Level 1.0 Fighting
 - Level 1.0 Short Blades
 - Level 2.0 Dodging
 + Level 4.1 Stealth
 - Level 3.2 Evocations


You had one spell level left.
You didn't know any spells.

Dungeon Overview and Level Annotations

Branches:
Dungeon (3/15)

Altars:

Annotations:
D:3 Ijyb


Innate Abilities, Weirdness & Mutations

You cannot wear most types of armour.
You are very stealthy in the water. (Stealth+)
You are amphibious.
You can wear up to eight rings at the same time.
You can use your tentacles to constrict eight enemies at once.
Your skin changes colour to match your surroundings (Stealth+).
Your rubbery body absorbs attacks. (AC +1, EV +1)


Message History

You hit the ball python.
You kill the ball python!
Ijyb hits you with a dagger. The rat closely misses you.
Ijyb hits you but does no damage. The rat misses you.
The adder barely misses you.
An adder and a rat come into view.
The adder barely misses you. Ijyb closely misses you.
You miss the rat. The adder bites you. Ijyb barely misses you.
You're too confused to move!
The adder hisses angrily.
The adder bites you. The rat bites you but does no damage.
You barely miss the adder.
You feel less confused. Ijyb barely misses you. The adder bites you.
* * * LOW HITPOINT WARNING * * *
The rat closely misses you.
You closely miss the adder. You grab the adder. You constrict the adder.
The adder bites you.
You die...

..##### ...... ..
....###
.r#####....#
.........#.###
.r..........#
#.S....<..#
#....r....###+##..
#....S@...........
#....g............
#..........†....$#
##.....$.........#
#......†<.##.##.#
########..# .# #
#†....# ......#
.##.......


You could see Ijyb, 2 adders and 2 rats.

Vanquished Creatures
  A leopard gecko (D:1)
  An orc (D:3)
  A ball python (D:3)
  3 bats (D:1)
  4 goblins (D:1)
  2 jackals (D:2)
  A quokka (D:3)
  6 rats
19 creatures vanquished.

Notes
Turn   | Place    | Note
-------+----------+-------------------------------------------
     0 | D:1      | M4edhros the Octopode Artificer began the quest for the Orb.
     0 | D:1      | Reached XP level 1. HP: 13/13 MP: 3/3
    56 | D:1      | Reached skill level 2 in Stealth
    98 | D:1      | Reached XP level 2. HP: 13/18 MP: 4/4
   102 | D:1      | Reached skill level 3 in Stealth
   494 | D:3      | Noticed Ijyb
   507 | D:3      | Reached skill level 4 in Stealth
   528 | D:3      | Slain by an adder

Vault maps used:
D:1:      scummos_arrival_forest, dk_noncrumbling_2
D:2:      bloody_trog, nicolae_overflow_crystal_walls, uniq_terence
D:3:      minmay_goblin_kobold_castle, chequers_ecumenical_altar_simple,
          portal_sewer_entry_b, grunt_ministairs_14, uniq_ijyb, uniq_natasha,
          uniq_robin

Skill      XL: |  1  2 |
---------------+-------+-----
Stealth        | 2 4 |  4.1
Fighting       | |  1.0
Short Blades   | |  1.0
Dodging        | |  2.0
Evocations     | |  3.2

Action                   || total
-------------------------++-------
Melee: Short sword       ||    31
       Constrict         ||     6
       Tentacles         ||     2
  Use: Potion            ||     3
 Stab: Sleeping          ||     7
Armor: Skin              ||     1
Dodge: Dodged            ||    20
